Map: Ruins of Endion

Players

Geralt (Gerald)

  • Race: Protoss Protoss
  • League: Master

LiquidTLO (TLO) - Winner!

  • Race: Zerg Zerg
  • League: Grandmaster

VOD

Have the link to the VOD?

Description

Time

  • Played on: July 3, 2016, 11:47 a.m.
  • Length: 18:26
Show
View Real Time Build Order
Export as new Build Order

Geralt Protoss 

Build Orders: 1 Gate Expand, Oracle Opening, Phoenix Opening 

Get SALT Encoding   

  12  0:00  Probe (Chrono Boost)  
  13  0:11  Probe (Chrono Boost)  
  14  0:17  Pylon  
  14  0:22  Probe (Chrono Boost)  
  16  0:36  Gateway, Probe (Chrono Boost)  
  16  0:46  Probe (Chrono Boost)  
  17  0:52  Assimilator  
  17  0:57  Probe (Chrono Boost)  
  18  1:07  Probe (Chrono Boost)  
  19  1:18  Probe (Chrono Boost)  
  20  1:25  Nexus  
  20  1:28  Probe (Chrono Boost)  
  21  1:36  Cybernetics Core  
  21  1:39  Probe (Chrono Boost)  
  22  1:44  Assimilator  
  22  1:50  Probe (Chrono Boost)  
  22  1:53  Pylon  
  23  2:11  Probe (Chrono Boost)  
  23  2:12  Adept (Chrono Boost)  
  26  2:22  Stargate  
  26  2:23  Probe  
  27  2:35  Probe  
  27  2:37  Probe  
  28  2:43  Adept (Chrono Boost)  
  31  2:46  Probe  
  31  2:49  Probe  
  33  2:57  Probe  
  34  3:01  Probe  
  34  3:05  Oracle (Chrono Boost)  
  35  3:06  Adept  
  35  3:07  Probe  
  41  3:13  Pylon, Probe  
  41  3:18  Probe  
  43  3:25  Probe  
  44  3:31  Probe  
  44  3:33  Adept  
  45  3:37  Phoenix (Chrono Boost)  
  45  3:40  Mothership Core  
  47  3:41  Gateway  
  47  3:43  Gateway  
  49  3:48  Pylon  
  49  3:49  Probe  
  50  4:00  Probe  
  50  4:01  Probe  
  50  4:04  Adept  
  46  4:10  Probe  
  46  4:13  Probe  
  48  4:19  Gateway  
  48  4:20  Pylon, Warp Gate  
  48  4:21  Probe  
  48  4:27  Pylon  
  46  4:34  Probe  
  45  4:42  Probe  
  44  4:47  Probe  
  44  4:52  Probe  
  45  4:59  Probe  
  47  5:03  Probe  
  46  5:09  Adept  
  46  5:11  Oracle (Chrono Boost), Probe  
  49  5:16  Adept x2  
  49  5:20  Probe  
  52  5:27  Pylon  
  51  5:35  Pylon  
  51  5:37  Pylon  
  47  5:52  Pylon  
  46  5:58  Pylon  
  46  5:59  Probe  
  46  6:00  Pylon, Probe  
  48  6:12  Probe  
  49  6:20  Adept  
  51  6:28  Probe  
  51  6:31  Adept x2  
  56  6:34  Pylon  
  56  6:37  Adept  
  51  6:49  Pylon  
  51  6:57  Adept x2  
  51  6:58  Adept  
  51  6:59  Pylon  
  51  7:01  Probe  
  51  7:03  Probe  
  53  7:12  Probe  
  54  7:19  Adept x3  
  54  7:22  Adept  
  62  7:27  Probe  
  63  7:30  Probe  
  64  7:43  Adept x4  
  72  7:52  Probe  
  72  7:53  Nexus  
  72  7:54  Pylon  
  72  7:55  Twilight Council  
  72  7:57  Probe  
  73  8:04  Probe  
  75  8:11  Adept, Probe  
  77  8:13  Pylon  
  77  8:15  Pylon  
  74  8:41  Adept x4  
  74  8:42  Probe x2  
  84  8:52  Probe  
  84  8:54  Probe  
  70  9:03  Probe  
  70  9:06  Stalker  
  70  9:07  Stalker x3  
  70  9:08  Probe  
  70  9:09  Probe  
  73  9:12  Assimilator  
  73  9:13  Probe  
  73  9:14  Blink, Assimilator  
  74  9:18  Probe  
  74  9:21  Probe  
  76  9:24  Probe  
  76  9:27  Pylon  
  77  9:33  Assimilator  
  77  9:35  Assimilator  
  77  9:44  Probe  
  77  9:45  Probe x2  
  78  9:50  Robotics Facility  
  78  9:51  Robotics Facility  
  70  9:53  Pylon  
  70  9:55  Probe x2  
  70  9:56  Probe  
  70  9:59  Forge  
  73  10:00  Pylon  
  73  10:02  Sentry  
  73  10:03  Sentry x3  
  81  10:14  Pylon  
  81  10:18  Gateway  
  81  10:19  Gateway  
  81  10:22  Probe  
  81  10:23  Probe  
  81  10:28  Stalker x4  
  91  10:38  Observer, Warp Prism (Chrono Boost)  
  94  10:47  Pylon  
  94  10:49  Gateway  
  94  10:51  Gateway, Phoenix (Chrono Boost)  
  94  10:52  Protoss Ground Weapons Level 1  
  96  10:57  Stalker x2  
  96  10:58  Stalker x2  
  96  11:00  Immortal (Chrono Boost)  
  108  11:17  Immortal (Chrono Boost)  
  112  11:18  Pylon  
  112  11:24  Stalker x5  
  122  11:30  Stalker  
  122  11:32  Robotics Bay  
  124  11:52  Adept x5  
  124  11:53  Adept x2  
  138  12:08  Nexus  
  138  12:09  Pylon  
  137  12:18  Adept  
  137  12:19  Adept x2  
  137  12:20  Adept x5  
  153  12:24  Disruptor x2 (Chrono Boost)  
  150  12:42  Stalker  
  150  12:43  Stalker x3  
  158  12:51  Probe  
  158  12:54  Probe  
  158  12:55  Protoss Ground Weapons Level 2  
  159  13:10  Disruptor x2 (Chrono Boost)  
  161  13:20  Adept x2  
  162  13:30  Resonating Glaives  
  162  13:38  Probe  
  163  13:50  Nexus  
  163  14:06  Disruptor (Chrono Boost)  
  163  14:07  Nexus  
  163  14:09  Pylon  
  146  14:11  Pylon  
  146  14:13  Pylon, Disruptor (Chrono Boost)  
  139  14:22  Pylon  
  133  14:25  Templar Archives  
  131  14:37  Disruptor (Chrono Boost)  
  133  14:40  Stalker x4  
  133  14:44  Disruptor (Chrono Boost)  
  67  15:38  Stalker  
  67  15:39  Adept  
  67  15:40  Adept  
  60  15:50  Adept x2  
  60  15:51  Adept x2  
  60  15:53  Probe x3  
  68  16:05  Probe  
  62  16:20  Sentry  
  62  16:21  Sentry x2  
  62  16:22  Probe  
  62  16:24  Probe x2  
  70  16:32  Sentry x2  
  74  16:33  Probe  
  75  16:42  Probe  
  75  16:44  Probe  
  76  16:48  Adept  
  76  16:49  Adept  
  69  17:20  Robotics Facility  
  57  17:45  Probe  
  57  17:46  Probe  
  57  17:47  Probe  
  60  18:03  Stalker x3  
  27  18:20  Adept x2  
Show
View Real Time Build Order
Export as new Build Order

LiquidTLO Zerg - Winner!

Build Orders: Hatch First, Lurkers 

Get SALT Encoding   

  12  0:01  Drone  
  13  0:12  Overlord  
  13  0:17  Drone  
  14  0:31  Drone x2  
  16  0:36  Drone  
  17  0:52  Hatchery  
  17  0:55  Drone  
  17  0:57  Drone  
  17  1:00  Extractor  
  17  1:14  Spawning Pool  
  17  1:16  Drone  
  17  1:22  Drone  
  18  1:28  Drone  
  19  1:38  Overlord  
  19  1:52  Drone  
  20  2:00  Queen  
  23  2:01  Zergling x2  
  23  2:03  Queen  
  23  2:04  Metabolic Boost  
  25  2:13  Drone x2  
  27  2:18  Evolution Chamber  
  26  2:26  Zergling x6  
  29  2:50  Zergling x8  
  32  2:59  Drone  
  32  3:04  Zerg Melee Weapons Level 1  
  32  3:05  Drone  
  34  3:10  Hatchery  
  33  3:15  Zergling x2, Drone  
  33  3:18  Drone  
  36  3:24  Drone  
  36  3:31  Drone  
  36  3:36  Overlord  
  36  3:47  Baneling Nest, Drone  
  36  3:50  Overlord  
  35  3:58  Zergling x4  
  33  4:06  Zergling x2  
  31  4:13  Zergling x2  
  31  4:16  Zergling x2  
  33  4:20  Zergling x2  
  33  4:24  Zergling x2  
  34  4:27  Drone  
  34  4:29  Drone  
  36  4:31  Zergling x2  
  36  4:34  Zergling x2  
  36  4:37  Zergling x2  
  37  4:39  Zergling x2  
  37  4:42  Zergling x2  
  37  4:45  Zergling x2  
  38  4:47  Zergling x2  
  38  4:49  Zergling x2  
  38  4:52  Zergling x2  
  38  4:53  Zergling x2  
  38  4:56  Zergling x2  
  38  4:58  Zergling x2  
  40  5:01  Zergling x2  
  40  5:04  Zergling x2  
  40  5:05  Zergling x2  
  40  5:09  Drone  
  40  5:11  Drone  
  40  5:13  Drone  
  42  5:15  Drone  
  42  5:19  Drone  
  42  5:21  Drone  
  43  5:25  Drone x2  
  43  5:27  Drone  
  45  5:29  Drone  
  45  5:33  Drone  
  45  5:34  Drone  
  47  5:36  Drone  
  47  5:41  Zergling x2  
  46  5:43  Zergling x2  
  46  5:46  Zergling x2  
  46  5:48  Spore Crawler  
  46  5:49  Zergling x2  
  44  5:50  Queen  
  44  5:53  Zergling x2  
  45  5:57  Spore Crawler  
  45  5:58  Zergling x2  
  45  5:59  Zergling x2  
  45  6:03  Queen  
  48  6:06  Zergling x2  
  48  6:07  Zergling x2  
  50  6:11  Zergling x2, Spore Crawler  
  50  6:14  Baneling x3  
  50  6:16  Zergling x2  
  51  6:20  Queen  
  53  6:27  Drone  
  51  6:37  Overlord  
  51  6:39  Overlord  
  49  6:40  Overlord  
  49  6:48  Queen  
  49  6:53  Drone  
  49  6:54  Zergling x2  
  49  6:56  Zergling x4  
  49  6:58  Zergling x2  
  49  6:59  Zergling x2  
  49  7:00  Zergling x4  
  49  7:01  Queen, Drone  
  53  7:04  Zergling x4  
  56  7:11  Zerg Ground Armor Level 1  
  56  7:13  Drone  
  56  7:14  Zergling x2  
  59  7:15  Zergling x2  
  59  7:18  Drone x2  
  59  7:19  Drone  
  59  7:22  Drone x2  
  64  7:27  Queen  
  67  7:30  Drone x2  
  67  7:34  Extractor  
  67  7:37  Drone x2  
  67  7:41  Zergling x2  
  67  7:42  Zergling x2  
  67  7:44  Zergling x8  
  69  7:50  Lair  
  70  7:53  Drone  
  70  7:56  Zergling x4  
  73  7:59  Overlord  
  73  8:00  Baneling x2  
  73  8:01  Overlord  
  73  8:06  Baneling  
  73  8:09  Baneling  
  72  8:22  Zergling x2  
  72  8:23  Zergling x2  
  72  8:28  Zergling x4  
  72  8:29  Zergling x2  
  72  8:30  Zergling x2  
  72  8:31  Zergling x4  
  72  8:32  Zergling x2  
  76  8:34  Zergling x2  
  76  8:36  Zergling x2  
  76  8:37  Zergling x2  
  76  8:38  Zergling x4  
  76  8:40  Zergling x2  
  78  8:42  Zergling x2  
  78  8:43  Zergling x4  
  78  8:44  Zergling x4  
  78  8:47  Zergling x2  
  72  8:53  Drone  
  72  8:54  Drone  
  70  8:59  Drone  
  67  9:05  Drone x2  
  67  9:07  Zerg Melee Weapons Level 2  
  67  9:09  Drone  
  69  9:15  Drone  
  69  9:16  Drone  
  71  9:21  Drone  
  71  9:27  Hydralisk Den  
  71  9:28  Drone x2  
  71  9:30  Drone  
  73  9:38  Drone  
  74  9:39  Drone  
  74  9:44  Drone  
  71  9:50  Overlord x2  
  71  9:52  Overlord  
  68  9:53  Overlord, Drone  
  68  9:54  Drone  
  68  9:55  Drone  
  68  9:56  Drone  
  68  9:57  Lurker Den  
  68  9:59  Drone  
  73  10:01  Extractor x2  
  73  10:02  Drone  
  73  10:04  Drone x2  
  73  10:05  Drone  
  75  10:07  Zergling x2  
  75  10:08  Zergling x4  
  75  10:09  Drone x2  
  75  10:13  Drone x3  
  82  10:19  Drone x2  
  82  10:20  Extractor  
  82  10:21  Extractor, Zergling x2  
  81  10:28  Hydralisk  
  81  10:29  Hydralisk  
  81  10:30  Hydralisk  
  81  10:33  Hydralisk  
  87  10:39  Drone x2  
  86  10:45  Drone  
  86  10:47  Hydralisk x2  
  91  10:51  Hydralisk  
  91  10:54  Hydralisk  
  95  10:58  Pneumatized Carapace  
  95  11:03  Hydralisk  
  97  11:08  Hydralisk  
  97  11:10  Drone x3  
  102  11:13  Baneling x4  
  102  11:16  Zergling x2  
  102  11:18  Zergling x2  
  104  11:22  Zergling x2  
  104  11:25  Lurker x4  
  109  11:26  Zergling x2  
  109  11:27  Zergling x4  
  109  11:30  Zergling x2  
  109  11:31  Zergling x2  
  114  11:33  Overlord  
  114  11:36  Overlord  
  114  11:38  Overlord  
  114  11:41  Overlord  
  114  11:44  Overlord  
  114  11:45  Overlord  
  114  11:48  Overlord  
  114  11:49  Overseer  
  114  11:55  Hydralisk  
  114  11:57  Hydralisk  
  114  12:00  Hydralisk x2  
  122  12:01  Zergling x2  
  122  12:02  Zergling x2  
  122  12:04  Hydralisk  
  122  12:08  Hydralisk, Overseer  
  126  12:10  Hydralisk  
  126  12:15  Lurker x2  
  132  12:16  Zergling x4  
  132  12:18  Zergling x4  
  132  12:19  Zergling x2  
  132  12:22  Zergling x4  
  139  12:26  Hydralisk  
  139  12:29  Zergling x4  
  144  12:30  Zergling x2  
  144  12:34  Hydralisk x2  
  144  12:36  Zergling x4  
  143  12:40  Zergling x2, Hydralisk  
  143  12:43  Hydralisk  
  145  12:49  Hydralisk x2  
  148  12:52  Overlord x2  
  148  12:54  Overlord  
  148  13:03  Overlord  
  147  13:25  Hydralisk x3  
  142  13:28  Zergling x2  
  142  13:29  Baneling x3  
  142  13:31  Zergling x2  
  142  13:32  Zergling x6  
  141  13:35  Muscular Augments  
  141  13:36  Lurker x7  
  141  13:38  Zergling x2  
  141  13:39  Zergling x4  
  141  13:41  Zergling x6  
  153  13:44  Zergling x4  
  153  13:45  Hydralisk x2  
  153  13:48  Hydralisk x2  
  159  13:53  Hydralisk  
  159  13:54  Hydralisk  
  164  14:09  Zergling x2  
  160  14:10  Zergling x2  
  160  14:12  Overlord  
  156  14:24  Overlord  
  156  14:26  Overlord  
  156  14:31  Zergling x2, Hydralisk  
  157  14:32  Hydralisk  
  157  14:33  Zergling x2  
  162  14:44  Zergling x4  
  164  14:48  Hydralisk  
  164  14:52  Zergling x14  
  167  14:55  Spore Crawler x2  
  167  14:56  Spore Crawler  
  161  15:00  Lurker x5  
  161  15:02  Zergling x2  
  161  15:06  Zergling x2  
  167  15:10  Zergling x2  
  167  15:13  Hydralisk x2  
  166  15:14  Hydralisk x2  
  166  15:16  Zergling x2  
  166  15:20  Hydralisk  
  172  15:23  Hydralisk  
  172  15:25  Hydralisk  
  160  15:28  Zergling x2  
  160  15:33  Hydralisk x2  
  145  15:37  Zergling x2  
  145  15:39  Zergling x2  
  145  15:41  Hydralisk  
  132  15:45  Zergling x2  
  132  15:47  Zergling x2  
  132  15:48  Zergling x2  
  130  15:50  Zergling x2  
  130  15:52  Zergling x2  
  130  15:53  Zergling x2  
  130  15:55  Zergling x2  
  133  16:01  Hydralisk  
  126  16:05  Hydralisk  
  126  16:09  Zergling x2  
  111  16:20  Zergling x2  
  111  16:24  Zergling x2  
  111  16:25  Lurker x2  
  111  16:26  Lurker  
  111  16:27  Zergling x2  
  111  16:29  Zergling x4  
  111  16:31  Zergling x2  
  117  16:35  Lurker x2  
  119  16:45  Zergling x4  
  121  16:50  Baneling x3  
  121  16:51  Zergling x2  
  121  16:53  Zergling x2  
  121  16:54  Zergling x4, Hydralisk  
  124  16:56  Hydralisk  
  125  17:04  Hydralisk  
  125  17:06  Hydralisk  
  125  17:07  Overseer  
  127  17:21  Baneling x2  
  123  17:33  Hydralisk  
  119  17:38  Zergling x14  
  119  18:07  Zergling x4  
Tags
 
Add a new tag
Caveats
  • Supply blocks, unpowered buildings, or Contaminate may cause inaccurate times.
  • Supply counts are checked every 10 seconds.